 Dungeon Crawl Stone Soup version 0.31.0-11-ge490571c62 (webtiles) character file.

Game seed: 5875985979524000004

88 qw the Shooter (level 4, 0/22 HPs)
             Began as a Spriggan Hunter on Feb 3, 2024.
             Succumbed to their own poison gas
             ... on level 3 of the Dungeon.
             The game lasted 00:00:32 (1968 turns).

qw the Shooter (Spriggan Hunter)                    Turns: 1968, Time: 00:00:32

Health: 0/22       AC:  3    Str:  7    XL:     4   Next: 30%
Magic:  5/5        EV: 20    Int: 10    God:
Gold:   186        SH:  0    Dex: 20    Spells: 3/3 levels left

rFire   . . .        a - +0 shortbow (heavy)
rCold   . . .        (shield currently unavailable)
rNeg    . . .        c - +0 robe
rPois   .            (helmet restricted)
rElec   .            f - +0 cloak
rCorr   .            (gloves unavailable)
SInv    +            (boots unavailable)
Will    .....        d - amulet of faith
Stlth   ++           (no ring)
HPRegen 0.23/turn    (no ring)
MPRegen 0.09/turn

%: faith
@: lethally poisoned (0 -> -1), very quick
A: very small, no large weapons, unfitting armour, see invisible, speed 3
a: no special abilities


You were on level 3 of the Dungeon.
You visited 1 branch of the dungeon, and saw 3 of its levels.

You collected 186 gold pieces.


Innate Abilities, Weirdness & Mutations

You are very small and have problems with some larger weapons.
You are too small for most types of armour.
You have supernaturally acute eyesight. (SInv)
You cover ground extremely quickly. (Speed+++)


   Skills:
 - Level 1.5 Fighting
 - Level 5.0 Ranged Weapons
 + Level 4.7 Dodging
 - Level 1.5 Stealth


You had 3 spell levels left.
You didn't know any spells.
Your spell library was empty.

Inventory:

Hand Weapons
 a - a +0 heavy shortbow (weapon)
Armour
 c - a +0 robe (worn)
 f - a +0 cloak (worn)
Jewellery
 d - an amulet of faith (around neck)
 e - an amulet of reflection
Potions
 b - a potion of lignification {unknown}
 i - a potion of degeneration {unknown}

Dungeon Overview and Level Annotations

Branches:
Dungeon (3/15)

Altars:

Shops:
D:2 :

Annotations:
D:3 1 runed translucent door, qw's ghost, amateur DEHu


Message History

It was a scroll of poison.
Could not explore, unopened runed door.
What level of the Dungeon? (default 3, ? - help) Sorry, I don't know how to get there.
Enter note:
Enter note:
Enter note:
Enter note:
Enter note:
Enter note:
Enter note:
Enter note:
Enter note:
Enter note:
Enter note:
Enter note: You are engulfed in poison gas.
You are poisoned.
You feel very sick.
Qw's ghost whispers, "There is no future for you."
1959 ||| Stepping ~*~*~tactically~*~*~ (cloud).
You feel sick.
There is a lethal amount of poison in your body!
You feel sick.
There is a lethal amount of poison in your body!
You feel very sick.
There is a lethal amount of poison in your body!
You feel sick.
There is a lethal amount of poison in your body!
You feel sick. Qw's ghost stares at you.
There is a lethal amount of poison in your body!
You feel sick.
There is a lethal amount of poison in your body!
You feel sick.
There is a lethal amount of poison in your body!
You feel sick.
There is a lethal amount of poison in your body!
You feel sick.
There is a lethal amount of poison in your body!
You die...

# ## .#########
.##......##########
.##......#.....#¤0## #####
###......#!~~~~+¤.¤# #...#
##..###..#....W#@¤0# #...#
....#~#..########0¤# #...#
....###..# ####0##### #...#
........######....0...###..##
....#.#.....##...¤0¤..##...#
#####..###.....[.0000....#.#
###....####.##...000¤.####.#
.....#...##......¤.¤00# #.#
.##..###..####........# #.#


You could see qw's ghost.

Vanquished Creatures
  4 adders
  A dart slug (D:2)
  4 orcs (D:3)
  7 bats
  2 giant cockroaches (D:3)
  2 goblins (D:2)
  7 hobgoblins
  4 quokkas
  4 ball pythons
  A frilled lizard (D:2)
  7 kobolds
  2 rats
45 creatures vanquished.

Notes
Turn   | Place    | Note
-------+----------+-------------------------------------------
     0 | D:1      | qw the Spriggan Hunter began the quest for the Orb.
     0 | D:1      | Reached XP level 1. HP: 10/10 MP: 2/2
     0 | D:1      | 0 ||| qw: Version: 0.3-a-155-g5e7d8dd
     0 | D:1      | 0 ||| qw: Game counter: 3510
     0 | D:1      | 0 ||| qw: Melee chars always use a shield: true
     0 | D:1      | 0 ||| qw: God list: Okawaru
     0 | D:1      | 0 ||| qw: Allow faded altars: false
     0 | D:1      | 0 ||| qw: Do Orc after clearing Dungeon:15 true
     0 | D:1      | 0 ||| qw: Do second Lair branch before Depths: true
     0 | D:1      | 0 ||| qw: Lair rune preference: random
     0 | D:1      | 0 ||| qw: Goals: Normal
     0 | D:1      | 0 ||| PLANNING D:1-11
   110 | D:1      | Reached skill level 3 in Dodging
   814 | D:1      | 814 ||| UPGRADING to +0 cloak.
   819 | D:1      | 819 ||| READING scroll labelled VOMIYPIDIWNU.
   819 | D:1      | 819 ||| IDENTIFYING amethyst potion
   820 | D:1      | 820 ||| DROPPING scroll of butterflies.
   821 | D:1      | 821 ||| DROPPING potion of invisibility.
   839 | D:2      | Reached XP level 2. HP: 14/14 MP: 3/3
   854 | D:2      | Found Kuho's Book Shoppe.
  1101 | D:2      | Reached XP level 3. HP: 18/18 MP: 4/4
  1465 | D:2      | 1465 ||| UPGRADING to amulet of faith.
  1470 | D:2      | 1470 ||| READING scroll labelled DAHAAS HUNOG.
  1471 | D:2      | 1471 ||| READING scroll labelled ZYSYUH UTWASHRAN.
  1471 | D:2      | 1471 ||| BRANDING +0 shortbow.
  1472 | D:2      | 1472 ||| READING scroll labelled WAARAO UF GIY.
  1576 | D:3      | Found a runed translucent door.
  1577 | D:3      | Noticed qw's ghost (amateur DEHu)
  1672 | D:3      | Reached skill level 5 in Ranged Weapons
  1805 | D:3      | Reached XP level 4. HP: 22/22 MP: 5/5
  1956 | D:3      | 1956 ||| READING scroll labelled IXEPHY QIYQ.
  1957 | D:3      | 1957 ||| READING scroll labelled RISTRI ZIUMIGUBB.
  1959 | D:3      | 1959 ||| Stepping ~*~*~tactically~*~*~ (cloud).
  1963 | D:3      | HP: 4/22 [poisoned by you (poison gas)]
  1966 | D:3      | HP: 1/22 [poisoned by you (poison gas)]
  1968 | D:3      | Succumbed to their own poison gas

Levels and vault maps discovered:
D:1:      minmay_arrival_three_doors, layout_basic
D:2:      layout_basic, serial_shops, nicolae_book_shop_shelving
D:3:      layout_rooms, ebering_ghost_reflecting_pool, feat_on_display

Skill      XL: |  1  2  3 |
---------------+----------+-----
Dodging        | 3 4 |  4.7
Ranged Weapons | 5 |  5.0
Fighting       | |  1.5
Stealth        | |  1.5

Action                     |  1- 3 |  4- 6 || total
---------------------------+-------+-------++-------
   Fire: Shortbow          |   103 |    13 ||   116
    Use: Scroll            |     4 |     2 ||     6
 Armour: Robe              |     9 |     4 ||    13
  Dodge: Dodged            |    32 |    11 ||    43

Table legend:
 A = Non-vault XP
 B = Vault XP
 C = Vault XP percentage of total XP
 D = Non-vault monster count
 E = Vault monster count
 F = Vault count percentage of total count
                 A         B        C        D         E       F
            +---------+---------+-------+---------+---------+-------
      Total |     127 |       0 |   0.0 |      45 |       0 |   0.0
            +---------+---------+-------+---------+---------+-------
        D:1 |      11 |       0 |   0.0 |       7 |       0 |   0.0
        D:2 |      55 |       0 |   0.0 |      19 |       0 |   0.0
        D:3 |      61 |       0 |   0.0 |      19 |       0 |   0.0
            +---------+---------+-------+---------+---------+-------
